 Dungeon Crawl Stone Soup version 0.24-a0-618-ge4662a2 (webtiles) character file.

Game seed: 12838677096435257829, levelgen mode: deterministic

13 BoppinsLewinski the Covered (level 2, -1/20 HPs)
             Began as a Demigod Wanderer on Sept 15, 2019.
             Slain by a hobgoblin (4 damage)
             ... on level 1 of the Dungeon.
             The game lasted 00:01:31 (509 turns).

BoppinsLewinski the Covered (Demigod Wanderer)       Turns: 509, Time: 00:01:32

Health: -1/20      AC:  5    Str: 14    XL:     2   Next: 12%
Magic:  7/7        EV: 10    Int: 15    God:
Gold:   8          SH:  0    Dex: 17    Spells: 3/4 levels left

rFire    . . .     SeeInvis .   g - -3 hand axe (curse)
rCold    . . .     Gourm    .   (no shield)
rNeg     . . .     Faith    .   c - +0 ring mail
rPois    .         Spirit   .   (no helmet)
rElec    .         Reflect  .   (no cloak)
rCorr    .         Harm     .   (no gloves)
MR       .....                  (no boots)
Stlth    +.........             (no amulet)
HPRegen  0.06/turn              (no ring)
MPRegen  0.10/turn              (no ring)

@: no status effects
A: high mp 1
a: no special abilities


You were on level 1 of the Dungeon.
You were not hungry.

You visited 1 branch of the dungeon, and saw 1 of its levels.

You collected 8 gold pieces.

Inventory:

Hand Weapons
 a - a +2 hand axe
 g - a cursed -3 hand axe (weapon)
Armour
 c - a +0 ring mail (worn)
 d - a +0 robe
Jewellery
 e - an uncursed amulet of faith {unknown}
Potions
 b - a potion of brilliance {unknown}
Comestibles
 f - 2 rations


   Skills:
 * Level 1.2 Axes
 + Level 2.2 Armour
 * Level 0.8 Dodging
   Level 1.0 Shields
 - Level 1.7 Spellcasting
   Level 1.0 Charms
   Level 1.7 Fire Magic
   Level 1.0 Evocations


You had 3 spell levels left.
You knew the following spells:

 Your Spells              Type           Power        Failure   Level  Hunger
a - Animate Skeleton      Necr           N/A          41%         1    ##.....

Your spell library contained the following spells:

 Spells                   Type           Power        Failure   Level  Hunger
 Swiftness                Chrm/Air       #.......     50%         2    ###....
 Poisonous Vapours        Pois/Air       #.....       56%         2    ###....
 Regeneration             Chrm/Necr      #.........   73%         3    ####...


Dungeon Overview and Level Annotations

Branches:
Dungeon (1/15)


Innate Abilities, Weirdness & Mutations

You have an increased reservoir of magic. (+10% MP)


Message History

Tha hobgoblin hits ye.
Ye be too injured ta fight recklessly!
Ye be too injured ta fight recklessly!
Ye be too injured ta fight recklessly!
Ye hit tha hobgoblin but do nay damage.
Tha hobgoblin hits ye.
* * * LOW HITPOINT WARNIN'
* * * Ye barely miss tha hobgoblin.
Tha hobgoblin hits ye.
* * * LOW HITPOINT WARNIN'
* * * Ye barely miss tha hobgoblin.
Tha hobgoblin barely misses ye.
Tha hobgoblin completely misses ye.
Yer rin' mail prevents ye from hittin' tha hobgoblin.
Tha hobgoblin closely misses ye.
Ye hit tha hobgoblin but do nay damage.
Tha hobgoblin barely misses ye.
Ye closely miss tha hobgoblin.
Tha hobgoblin hits ye.
* * * LOW HITPOINT WARNIN'
* * * Yer rin' mail prevents ye from hittin' tha hobgoblin.
Tha hobgoblin hits ye but does nay damage.
Ye closely miss tha hobgoblin.
Tha hobgoblin closely misses ye.
Tha hobgoblin hits ye.
Ye die...

#.# #.# #.#
#.# #.# #.#
#.#
##.########.##
#...g@.....#.#
#..########.##
# ###


You could see a hobgoblin.

Vanquished Creatures
  A dart slug (D:1)
  3 bats (D:1)
  A giant cockroach (D:1)
  A goblin (D:1)
  A hobgoblin (D:1)
  3 kobolds (D:1)
  A rat (D:1)
11 creatures vanquished.

Notes
Turn   | Place    | Note
-------+----------+-------------------------------------------
     0 | D:1      | BoppinsLewinski the Demigod Wanderer began the quest for
                  | the Orb.
     0 | D:1      | BoppinsLewinski set off with the following items: a +2 hand
                  | axe, a +0 robe, a ration; and the following spell
                  | memorised: Animate Skeleton; and the following spells
                  | available to memorise: Swiftness, Poisonous Vapours,
                  | Regeneration
     0 | D:1      | Reached XP level 1. HP: 14/14 MP: 5/5
     6 | D:1      | Noticed an electric eel
     6 | D:1      | Noticed an electric eel
   373 | D:1      | Reached skill level 2 in Armour
   404 | D:1      | Reached XP level 2. HP: 14/20 MP: 7/7
   509 | D:1      | Slain by a hobgoblin

Levels and vault maps discovered:
D:1:      arrival_aquarium_b, layout_loops_ring

Skill      XL: |  1 |
---------------+----+-----
Armour         | 2 |  2.2
Axes           | |  1.2
Dodging        | |  0.8
Shields        | |  1.0
Spellcasting   | |  1.7
Charms         | |  1.0
Fire Magic     | |  1.7
Evocations     | |  1.0

Action                   || total
-------------------------++-------
Melee: Hand axe          ||    40
Armor: Robe              ||     7
       Ring mail         ||     8
Dodge: Dodged            ||    35

Table legend:
 A = Non-vault XP
 B = Vault XP
 C = Vault XP percentage of total XP
 D = Non-vault monster count
 E = Vault monster count
 F = Vault count percentage of total count
                 A         B        C        D         E       F
            +---------+---------+-------+---------+---------+-------
      Total |      19 |       0 |   0.0 |      11 |       0 |   0.0
            +---------+---------+-------+---------+---------+-------
        D:1 |      19 |       0 |   0.0 |      11 |       0 |   0.0
            +---------+---------+-------+---------+---------+-------
